 Dungeon Crawl Stone Soup version 0.18.1-2-ga659475 (webtiles) character file.

111730 oplop the Covert (level 16, -10/86 HPs)
             Began as a Vine Stalker Assassin on May 8, 2016.
             Was a High Priest of Ru.
             Shot with an arrow by something (13 damage)
             ... on level 1 of the Snake Pit.
             The game lasted 01:27:57 (25997 turns).

oplop the Covert (Vine Stalker Assassin)           Turns: 25997, Time: 01:27:57

Health: -10/86     AC:  6    Str: 13    XL:     16   Next: 58%
Magic:  0/25       EV: 25    Int:  9    God:    Ru [*****.]
Gold:   1252       SH:  9    Dex: 24    Spells: 3 memorised, 16 levels left

rFire  + . .     SeeInvis .     a - +3 rapier (speed)
rCold  + . .     Gourm    +     R - +2 robe {rC+}
rNeg   . . .     Faith    .     C - +2 buckler
rPois  .         Spirit   +     U - +0 hat
rElec  +         Dismiss  .     d - +0 cloak
rCorr  .         Reflect  .     q - +0 pair of gloves
SustAt .         Harm     .     (no boots)
MR     ++...     Rnd*Tele +     F - amulet of the gourmand
Stlth  ++++++....               n - ring of protection from fire
                                e - +5 ring of slaying

@: lethally poisoned (-10 -> -24), about to teleport, no potions, very resistant
to hostile enchantments, very stealthy
A: antennae 1, fangs 3, dopey 1, regeneration 3, electricity resistance,
teleportitis 1, magic shield, antimagic bite, no device heal 3, rot immunity,
inability to drink while threatened, no fire magic, no necromancy magic, no
summoning magic, inexperienced 1, missing an eye
a: Draw Out Power, Power Leap, Apocalypse, Renounce Religion


You were on level 1 of the Snake Pit.
You worshipped Ru.
Ru was extremely pleased with you.
You were very full.

You visited 3 branches of the dungeon, and saw 24 of its levels.
You also visited: Sewer.

You collected 1700 gold pieces.
You spent 448 gold pieces at shops.

Inventory:

Hand Weapons
 a - a +3 rapier of speed (weapon)
 b - the +11 blowgun of Dischord {evade, rF+ rC++ Int+3}
   (You found it on level 4 of the Dungeon)

   It affects your evasion (+5 to EV).
   It affects your intelligence (+3).
   It protects you from fire.
   It greatly protects you from cold.
Missiles
 k - 18 tomahawks (quivered)
 t - 113 poisoned needles
 x - 3 poisoned javelins
 B - 7 needles of confusion
 O - 4 curare-tipped needles
Armour
 d - a +0 cloak (worn)
 q - a +0 pair of gloves (worn)
 C - a +2 buckler (worn)
 Q - a +2 robe of the Archmagi
 R - a +2 robe of cold resistance (worn)
 U - a +0 hat (worn)
Jewellery
 e - a +5 ring of slaying (left hand)
 h - an uncursed ring of resist corrosion
 n - a ring of protection from fire (right hand)
 v - an uncursed ring of flight
 E - an uncursed ring of sustain attributes
 F - an amulet of the gourmand (around neck)
 P - an uncursed amulet of dismissal
Wands
 o - a wand of confusion (11/48)
 A - a wand of digging (14/24)
 H - a wand of lightning (9/15)
 J - a wand of iceblast (5/15)
 K - a wand of slowing (14/48)
 S - a wand of enslavement (8/24)
 W - a wand of disintegration (11/24)
 Y - a wand of lightning (10/15)
Scrolls
 f - a scroll of recharging
 i - 7 scrolls of fog
 j - 6 scrolls of magic mapping
 p - 13 scrolls of teleportation
 r - 3 scrolls of amnesia
 s - 14 scrolls of remove curse
 w - 4 scrolls of enchant armour
 y - 4 scrolls of enchant weapon
 D - 3 scrolls of identify
 L - a scroll of immolation
 T - 2 scrolls of blinking
 X - a scroll of fear
Potions
 c - 2 potions of agility
 l - 7 potions of brilliance
 m - 2 potions of cancellation
 z - 3 potions of ambrosia
 G - 6 potions of curing
 I - 4 potions of might
 N - a potion of flight
 V - a potion of resistance
 Z - a potion of cure mutation
Comestibles
 g - 16 bread rations
 u - 14 meat rations
 M - 4 slices of pizza


   Skills:
 + Level 10.3 Fighting
 + Level 12.1 Short Blades
 + Level 9.9 Throwing
 + Level 11.9 Dodging
 - Level 14.1 Stealth
 - Level 6.0 Shields
 - Level 5.5 Spellcasting
 - Level 5.8 Charms
 - Level 4.0 Translocations
 - Level 5.2 Air Magic
 - Level 4.5 Evocations


You had 16 spell levels left.
You knew the following spells:

 Your Spells              Type           Power        Failure   Level  Hunger
a - Repel Missiles        Chrm/Air       ##....       4%          2    ##.....
b - Blink                 Tloc           N/A          10%         2    ##.....
c - Deflect Missiles      Chrm/Air       ##........   100%        6    #######


Dungeon Overview and Level Annotations

Branches:
Dungeon (15/15)            Temple (0/1) D:5            Lair (8/8) D:9
 Shoals (0/4) Lair:4        Snake (1/4) Lair:5        Slime (0/6) Lair:6
    Orc (0/2) D:12         Vaults (0/5) D:13         Depths (0/5) D:15

Altars:
Ashenzari
Fedhas
Gozag
Makhleb
Ru
Xom
Zin
Beogh
Jiyva

Shops:
D:7 *   D:10 =   D:14 !   Snake:1 (

Annotations:
D:6 Bubs's ghost, novice FoFi
Lair:3 1 runed door
Lair:4 2 exclusions


Innate Abilities, Weirdness & Mutations

You have razor-sharp teeth.
You are dopey. (Int -2)
You regenerate.
When hurt, damage is shared between your health and your magic reserves.
Your bite disrupts and absorbs the magic of your enemies.
Potions and wands cannot restore your health.
You are immune to rotting.
You cannot drink potions while threatened.
You cannot study or cast Fire magic.
You cannot study or cast Necromancy magic.
You cannot study or cast Summoning magic.
You are somewhat inexperienced (-2 XL).
You are missing an eye, making it more difficult to aim.
You have a pair of small antennae on your head.
You are resistant to electric shocks.
You are occasionally teleported next to monsters.


Message History

* * * LOW HITPOINT WARNING * * *
The black mamba bites you!!
* * * LOW HITPOINT WARNING * * *
You focus your will and blind the black mamba in retribution!
The naga sharpshooter drinks a potion.
The naga sharpshooter flickers and vanishes!
The black mamba closely misses you.
The black mamba is stunned by your will and fails to attack.
Something hits you.
* * * LOW HITPOINT WARNING * * *
Unknown command.
* * * LOW HITPOINT WARNING * * *
You feel very sick.
* * * LOW HITPOINT WARNING * * *
You are more poisoned.
The black mamba completely misses you.
You focus your will and illuminate the naga ritualist in retribution!
You hear some strange, mumbled words.
You hear a twanging sound.
The arrow hits you!!
You die...

.#..# ...#### .....# ##..##
..#..##...%.# .#...##
..{N...#..... .#...=#
##.##NN.#... .. .#....##
....##S.#.###.##
.#.....###......{).#....##
.#.#.###.#...{###†##.....#
.###)....###.N{.SS.......##
##.<.......####.@##.......#
.#........## #..#........#
..........# #..#........#
.#.......### ####.....####
##....).##.## {#$.....#
..###.###...##.##..$##.#
###............#...##..###
........†...########.....#
...........##..#N....#..##


You could see a naga ritualist and 2 black mambas.

Vanquished Creatures
  Nessos (Lair:8)
  A fire dragon (Lair:8)
  Fannar (D:12)
  3 naga warriors (Snake:1)
  7 hydras
  A death knight (D:15)
  An anaconda (Snake:1)
  A catoblepas (D:13)
  An ogre mage (D:15)
  5 centaur warriors
  A tengu warrior (D:15)
  A shock serpent (shapeshifter) (D:13)
  3 shock serpents (Snake:1)
  Sonja (D:11)
  A salamander mystic (Snake:1)
  4 skeletal warriors (D:14)
  3 unseen horrors
  A naga ritualist (Snake:1)
  10 hill giants
  Pikel (D:6)
  A necromancer (D:13)
  A mana viper (Snake:1)
  A deep elf mage (D:13)
  11 ugly things
  7 cyclopes
  2 griffons (Lair:8)
  2 tengu conjurers (D:15)
  A siren (Lair:4)
  A guardian serpent (Snake:1)
  25 elephants
  3 gargoyles
  14 spiny frogs
  13 black mambas
  A centaur skeleton (D:14)
  A torpor snail (Lair:5)
  Psyche (D:12)
  7 rime drakes
  20 komodo dragons
  2 freezing wraiths (D:15)
  A kobold demonologist (D:14)
  2 efreet
  A spriggan druid (Lair:5)
  9 trolls
  A merfolk (Lair:4)
  A polar bear (Lair:3)
  Grinder (D:4)
  10 slime creatures
  3 two-headed ogres
  A harpy skeleton (D:15)
  A boulder beetle (Lair:6)
  Prince Ribbit (Lair:3)
  21 blink frogs
  The ghost of puimuR the Ruffian, an amateur TrWr (D:4)
  3 vampires
  3 wyverns
  65 yaks
  10 humans (D:13)
  4 basilisks
  3 steam dragons (Lair:8)
  8 hippogriffs
  A hungry ghost (D:8)
  4 vampire mosquitoes
  Menkaure (D:5)
  5 nagas
  5 mottled dragons
  20 water moccasins
  2 soldier ants (D:12)
  14 porcupines
  9 orc warriors
  3 slaves (D:6)
  3 ice beasts
  2 sky beasts
  An eye of draining (D:13)
  2 black bears
  5 wolves
  3 boggarts (D:15)
  8 ogres
  22 crocodiles
  18 centaurs
  4 big kobolds
  Blork the orc (D:4)
  25 giant frogs
  4 scorpions
  A wyvern skeleton (D:13)
  5 wights (D:15)
  6 killer bees
  2 howler monkeys
  An electric eel (D:12)
  11 crimson imps
  3 giant frog zombies
  A jelly (D:12)
  8 centaur zombies
  3 quasits
  8 hounds
  9 orc priests
  3 giant frog skeletons
  17 orc wizards
  Ijyb (D:2)
  Jessica (D:2)
  Terence (D:2)
  7 iguanas
  4 worker ants
  25 sheep
  2 hound zombies (D:5)
  18 adders
  40 river rats
  A shadow imp (D:11)
  8 oozes (Sewer)
  3 worms (D:2)
  3 dart slugs
  19 giant geckos
  43 orcs
  20 giant cockroaches
  6 goblins
  15 hobgoblins
  8 jackals
  18 kobolds
  3 quokkas
  10 ball pythons
  9 bats
  12 giant newts (Sewer)
  4 rats
833 creatures vanquished.

Vanquished Creatures (collateral kills)
  3 blink frogs (Lair:5)
  A fungus (Lair:5)
4 creatures vanquished.

Vanquished Creatures (others)
  A deep elf mage (D:15)
  A vampire (D:14)
  2 yaks (Lair:7)
  An orc warrior (D:13)
  A slave (D:6)
  A swamp drake (D:9)
  An iguana (D:9)
  2 orcs
  3 kobolds
  15 fungi
  7 plants (Lair:8)
35 creatures vanquished.

Grand Total: 872 creatures vanquished

Notes
Turn   | Place    | Note
--------------------------------------------------------------
     0 | D:1      | oplop the Vine Stalker Assassin began the quest for the Orb.
     0 | D:1      | Reached XP level 1. HP: 11/11 MP: 2/2
   189 | D:1      | Reached skill level 5 in Stealth
   192 | D:1      | Reached XP level 2. HP: 7/15 MP: 3/3
   272 | D:1      | Reached XP level 3. HP: 9/18 MP: 4/4
   705 | D:2      | Noticed Ijyb
   801 | D:2      | Noticed Jessica
   806 | D:2      | Killed Jessica
   806 | D:2      | Reached XP level 4. HP: 20/23 MP: 5/5
   857 | D:2      | Found a faded altar to an unknown god.
   962 | D:2      | Killed Ijyb
  1007 | D:2      | Found a sacrificial altar of Ru.
  1015 | D:2      | Reached XP level 5. HP: 20/28 MP: 6/6
  1022 | D:2      | Reached skill level 6 in Stealth
  1028 | D:2      | Became a worshipper of Ru the Awakened
  1133 | D:2      | Noticed Terence
  1156 | D:2      | Killed Terence
  1507 | D:3      | Found a glowing drain.
  1530 | Sewer    | Entered a sewer
  1572 | Sewer    | Gained mutation: You heal very quickly. [Vine Stalker growth]
  1572 | Sewer    | Reached XP level 6. HP: 32/32 MP: 7/7
  1965 | Sewer    | Reached skill level 7 in Stealth
  2027 | Sewer    | Reached XP level 7. HP: 26/37 MP: 8/8
  2260 | D:3      | Found a burning altar of Makhleb.
  2515 | D:4      | Gained mutation: You cannot drink potions while threatened. [Ru sacrifice]
  2515 | D:4      | Reached * piety under Ru
  2615 | D:4      | Got a crystal blowgun
  2616 | D:4      | Identified the +11 blowgun of Dischord {evade, rF+ rC++ Int+3} (You found it on level 4 of the Dungeon)
  2778 | D:4      | Found a glowing silver altar of Zin.
  2781 | D:4      | Noticed an angel
  2784 | D:4      | Found a shimmering altar of Xom.
  3013 | D:4      | Noticed puimuR's ghost (amateur TrWr)
  3205 | D:5      | Entered Level 5 of the Dungeon
  3396 | D:5      | Reached skill level 1 in Dodging
  3468 | D:5      | Noticed Menkaure
  3474 | D:5      | Killed Menkaure
  3474 | D:5      | Reached skill level 5 in Short Blades
  3474 | D:5      | Gained mutation: You have razor-sharp teeth. [Vine Stalker growth]
  3474 | D:5      | Reached XP level 8. HP: 29/42 MP: 7/9
  3819 | D:5      | Found a staircase to the Ecumenical Temple.
  3912 | D:6      | Noticed Pikel
  3964 | D:6      | Killed Pikel
  4038 | D:6      | Reached XP level 9. HP: 46/46 MP: 10/10
  4298 | D:6      | Noticed Bubs's ghost (novice FoFi)
  5181 | D:7      | Reached skill level 5 in Throwing
  5232 | D:7      | Found Zuodifil's Assorted Antiques.
  5240 | D:7      | Bought a scroll of teleportation for 87 gold pieces
  5240 | D:7      | Bought a thick zirconium amulet for 145 gold pieces
  5516 | D:7      | Noticed a hill giant
  5519 | D:7      | Killed a hill giant
  5812 | D:8      | Reached skill level 5 in Dodging
  5812 | D:8      | Reached XP level 10. HP: 46/51 MP: 11/11
  6664 | D:9      | Found an opulent altar of Gozag.
  6978 | D:9      | Identified the Collected Works on Ensnaring Ignition (You found it on level 9 of the Dungeon)
  7114 | D:9      | Reached skill level 5 in Shields
  7159 | D:9      | Found a staircase to the Lair.
  7288 | D:9      | Identified the Reference Book on Malediction and Creation
  7312 | D:9      | Found a blossoming altar of Fedhas.
  7577 | D:9      | Found a roughly hewn altar of Beogh.
  7624 | D:10     | Entered Level 10 of the Dungeon
  7850 | D:10     | Found Sausiy's Jewellery Shop.
  8362 | D:11     | Noticed a gargoyle
  8545 | Lair:1   | Entered Level 1 of the Lair of Beasts
  8550 | Lair:1   | Reached XP level 11. HP: 54/54 MP: 12/12
  8594 | Lair:1   | Reached skill level 5 in Fighting
  9903 | Lair:2   | Noticed a six-headed hydra
 10194 | Lair:2   | Reached skill level 8 in Stealth
 10337 | Lair:2   | Noticed a six-headed hydra
 10639 | Lair:2   | Gained mutation: You regenerate. [Vine Stalker growth]
 10639 | Lair:2   | Reached XP level 12. HP: 40/63 MP: 9/13
 10645 | Lair:2   | Reached skill level 1 in Evocations
 10703 | Lair:3   | Noticed Prince Ribbit
 10726 | Lair:3   | Killed Prince Ribbit
 10747 | Lair:3   | HP: 3/63 [blink frog[Prince Ribbit] (2)]
 11277 | Lair:3   | Found a runed door.
 11756 | Lair:4   | Reached skill level 10 in Short Blades
 11811 | Lair:4   | Reached skill level 9 in Stealth
 11850 | Lair:4   | Noticed a five-headed hydra
 11853 | Lair:4   | Killed a five-headed hydra
 11894 | Lair:4   | Gained mutation: You are missing an eye, making it more difficult to aim. [Ru sacrifice]
 11894 | Lair:4   | Reached ** piety under Ru
 12187 | Lair:4   | Found a staircase to the Shoals.
 12918 | Lair:5   | Found a staircase to the Snake Pit.
 13004 | Lair:5   | Reached skill level 10 in Stealth
 13023 | Lair:5   | Reached XP level 13. HP: 34/68 MP: 14/17
 13314 | Lair:5   | Gained mutation: You are dopey. (Int -2) [Ru sacrifice]
 13402 | Lair:5   | Learned a level 2 spell: Repel Missiles
 13405 | Lair:5   | Learned a level 2 spell: Blink
 13433 | Lair:5   | Reached skill level 1 in Air Magic
 13545 | Lair:5   | Reached skill level 1 in Charms
 14028 | Lair:6   | Reached skill level 1 in Spellcasting
 14164 | Lair:6   | You fall through a shaft for 2 floors!
 14164 | Lair:8   | Entered Level 8 of the Lair of Beasts
 14486 | Lair:8   | Reached skill level 11 in Stealth
 14845 | Lair:8   | Noticed Nessos
 14950 | Lair:8   | Killed Nessos
 15025 | Lair:8   | Reached XP level 14. HP: 12/74 MP: 20/20
 15420 | Lair:8   | Reached skill level 5 in Air Magic
 15524 | Lair:8   | Reached skill level 12 in Stealth
 15558 | Lair:8   | Reached skill level 5 in Charms
 15559 | Lair:8   | Gained mutation: You are somewhat inexperienced (-2 XL). [Ru sacrifice]
 15559 | Lair:8   | Reached XP level 13. HP: 65/69 MP: 20/20
 15559 | Lair:8   | Reached XP level 12. HP: 65/65 MP: 19/19
 15559 | Lair:8   | Reached *** piety under Ru
 15702 | Lair:8   | Reached skill level 10 in Dodging
 15819 | Lair:7   | Reached skill level 1 in Translocations
 16309 | Lair:7   | Reached skill level 5 in Spellcasting
 16917 | Lair:6   | Reached XP level 13. HP: 62/69 MP: 21/21
 16993 | Lair:6   | Found a viscous altar of Jiyva.
 16993 | Lair:6   | Found a staircase to the Slime Pits.
 17756 | D:10     | Learned a level 6 spell: Deflect Missiles
 18071 | D:4      | Killed puimuR's ghost
 18074 | D:4      | Noticed Grinder
 18090 | D:4      | Killed Grinder
 18128 | D:4      | Noticed Blork the orc
 18142 | D:4      | Killed Blork the orc
 18759 | D:11     | Got a fine whip
 18760 | D:11     | Identified the cursed +0 whip of a volcano {drain, +Blink Int-4 Dex+4} (You found it on level 11 of the Dungeon)
 18921 | D:11     | Noticed Sonja
 19044 | D:11     | Killed Sonja
 19359 | D:11     | Reached skill level 13 in Stealth
 19422 | D:12     | Noticed Psyche
 19426 | D:12     | Killed Psyche
 19747 | D:12     | Noticed Fannar
 19764 | D:12     | Killed Fannar
 20125 | D:12     | Found a staircase to the Orcish Mines.
 20531 | D:13     | Reached XP level 14. HP: 42/74 MP: 21/23
 21349 | D:13     | Reached skill level 14 in Stealth
 21430 | D:13     | Found a gate to the Vaults.
 21669 | D:14     | Found a shattered altar of Ashenzari.
 21702 | D:14     | Found Lypeffi's Distillery.
 21712 | D:14     | Bought a potion of agility for 48 gold pieces
 21712 | D:14     | Bought a potion of resistance for 120 gold pieces
 21712 | D:14     | Bought a potion of might for 48 gold pieces
 22720 | D:15     | Entered Level 15 of the Dungeon
 23333 | D:15     | Reached XP level 15. HP: 61/79 MP: 24/24
 23418 | D:15     | Gained mutation: You are resistant to electric shocks. [potion of mutation]
 23418 | D:15     | Gained mutation: You have a pair of small antennae on your head. [potion of mutation]
 23418 | D:15     | Gained mutation: You are occasionally teleported next to monsters. [potion of mutation]
 23553 | D:15     | Found a staircase to the Depths.
 25071 | Snake:1  | Entered Level 1 of the Snake Pit
 25112 | Snake:1  | Reached skill level 10 in Fighting
 25576 | Snake:1  | Reached XP level 16. HP: 85/85 MP: 25/25
 25588 | Snake:1  | Found Roozuote's Weapon Shop.
 25644 | Snake:1  | Gained mutation: You cannot study or cast Fire magic. [Ru sacrifice]
 25644 | Snake:1  | Gained mutation: You cannot study or cast Necromancy magic. [Ru sacrifice]
 25644 | Snake:1  | Gained mutation: You cannot study or cast Summoning magic. [Ru sacrifice]
 25644 | Snake:1  | Reached **** piety under Ru
 25644 | Snake:1  | Reached ***** piety under Ru
 25997 | Snake:1  | HP: 4/86 [poisoned by a naga ritualist (toxic radiance)]
 25997 | Snake:1  | Shot with an arrow by something

Skill      XL: |  1  2  3  4  5  6  7  8  9 10 11 12 13 14 15 16 |
---------------+-------------------------------------------------+-----
Fighting       | 2 3 4 7 8 9 10 | 10.3
Short Blades   | 2 3 4 5 6 7 8 9 10 11 12 | 12.1
Stealth        | 5 6 7 8 10 13 14 | 14.1
Dodging        | 1 3 5 6 7 10 11 | 11.9
Throwing       | 2 4 5 6 7 8 9 |  9.9
Shields        | 2 6 |  6.0
Evocations     | 4 |  4.5
Air Magic      | 4 5 |  5.2
Charms         | 4 5 |  5.8
Spellcasting   | 5 3 4 |  5.5
Translocations | 2 4 |  4.0

Action                   |  1- 3 |  4- 6 |  7- 9 | 10-12 | 13-15 | 16-18 || total
-------------------------+-------+-------+-------+-------+-------+-------++-------
Melee: Dagger            |   103 |   372 |   296 |     7 |       |       ||   778
       Bite              |    28 |    77 |   103 |   600 |  1220 |    25 ||  2053
       Rapier            |       |       |    42 |  1273 |  2389 |    57 ||  3761
 Fire: Blowgun           |       |     8 |    14 |    24 |    28 |       ||    74
Throw: Javelin           |       |       |       |       |    22 |       ||    22
       Stone             |       |       |       |       |     1 |       ||     1
       Throwing net      |       |       |       |       |     2 |       ||     2
       Tomahawk          |       |       |       |       |    14 |       ||    14
 Cast: Repel Missiles    |       |       |       |     1 |     2 |       ||     3
       Blink             |       |       |       |       |     1 |       ||     1
Invok: Sacrifice Drink   |       |       |     1 |       |       |       ||     1
       Reject Sacrifices |       |       |     1 |     1 |     2 |       ||     4
       Sacrifice Experie |       |       |       |     1 |       |       ||     1
       Sacrifice an Eye  |       |       |       |     1 |       |       ||     1
       Sacrifice Purity  |       |       |       |       |     1 |       ||     1
       Sacrifice Arcana  |       |       |       |       |       |     1 ||     1
Evoke: Wand              |       |       |     6 |    10 |    31 |       ||    47
       Rod               |       |       |       |     4 |       |       ||     4
  Use: Scroll            |       |     4 |     6 |    15 |    18 |     1 ||    44
       Potion            |       |       |     1 |       |     3 |       ||     4
 Stab: Sleeping          |     3 |     7 |    20 |    43 |    47 |     3 ||   123
       Distracted        |     1 |     1 |     1 |     3 |    18 |     1 ||    25
       Paralysed         |       |     1 |       |       |     6 |       ||     7
       Invisible         |       |       |       |     3 |     6 |     1 ||    10
       Confused          |       |       |       |       |    16 |       ||    16
       Held in net/web   |       |       |       |       |     4 |       ||     4
  Eat: Chunk             |       |     3 |    21 |    32 |    38 |       ||    94
       Pizza             |       |     1 |       |       |       |       ||     1
       Fruit             |       |       |     1 |       |     7 |       ||     8
       Beef jerky        |       |       |     1 |       |     2 |     1 ||     4
Armor: Leather armour    |    29 |   136 |    22 |       |       |       ||   187
       Robe              |     1 |       |    63 |    59 |   102 |     2 ||   227
Dodge: Dodged            |    52 |   256 |   190 |   469 |   917 |    25 ||  1909
       Deflected         |       |       |       |       |    15 |       ||    15
Block: Buckler           |       |       |     2 |   247 |   443 |    17 ||   709
